 Dungeon Crawl Stone Soup version 0.31-a0-865-g3d5d91748a (webtiles) character file.

Game seed: 2083261309040231269

30 wvc the Firebug (level 3, -9/19 HPs)
             Began as a Gargoyle Fire Elementalist on Oct 10, 2023.
             Mangled by Edmund
             ... wielding a +4 dire flail of holy wrath
              (13 damage)
             ... on level 4 of the Dungeon.
             The game lasted 00:02:27 (1000 turns).

wvc the Firebug (Gargoyle Fire Elementalist)        Turns: 1000, Time: 00:02:27

Health: -9/19      AC:  6    Str: 11    XL:     3   Next: 20%
Magic:  6/6        EV: 11    Int: 17    God:
Gold:   51         SH:  0    Dex: 10    Spells: 5/6 levels left

rFire   . . .        (no weapon)
rCold   . . .        (no shield)
rNeg    + . .        a - +0 robe
rPois   ∞            c - +0 helmet
rElec   +            (no cloak)
rCorr   .            (no gloves)
SInv    .            (no boots)
Will    .....        (no amulet)
Stlth   ++           (no ring)
HPRegen 0.23/turn    (no ring)
MPRegen 0.10/turn

%: no passive effects
@: no status effects
A: sickness immunity, AC +3, negative energy resistance 1, electricity
resistance, torment resistance 1, petrification resistance
a: no special abilities


You were on level 4 of the Dungeon.
You visited 1 branch of the dungeon, and saw 3 of its levels.

You collected 51 gold pieces.

Inventory:

Hand Weapons
 k - a +0 dagger
Missiles
 e - 3 boomerangs
 n - 3 poisoned darts
Armour
 a - a +0 robe (worn)
 c - a +0 helmet (worn)
Scrolls
 f - a scroll of enchant armour {unknown}
 g - a scroll of identify {unknown}
 h - a scroll of immolation {unknown}
 o - a scroll of silence {unknown}
 q - a scroll of summoning {unknown}
Potions
 b - a potion of magic
 d - a potion of enlightenment {unknown}
 i - a potion of lignification {unknown}
 j - 2 potions of haste {unknown}
 l - a potion of heal wounds {unknown}
 m - a potion of attraction {unknown}
 p - a potion of curing {unknown}


   Skills:
 - Level 1.5 Dodging
 - Level 2.1 Stealth
 + Level 2.3 Spellcasting
 * Level 1.8 Conjurations
 + Level 3.7 Fire Magic


You had 5 spell levels left.
You knew the following spells:

 Your Spells              Type           Power      Damage    Failure   Level
a - Foxfire               Conj/Fire      44%        2x1d6     6%          1

Your spell library contained the following spells:

 Spells                   Type           Power      Damage    Failure   Level
 Scorch                   Fire           28%        2d6       6%          2
 Inner Flame              Hex/Fire       8%         N/A       26%         3
 Volatile Blastmotes      Fire/Tloc      16%        2d11      26%         3
 Flame Wave               Conj/Fire      11%        2d6       52%         4


Dungeon Overview and Level Annotations

Branches:
Dungeon (2/15)

Altars:
Hepliaklqana

Annotations:
D:4 Dowan, Duvessa, Edmund


Innate Abilities, Weirdness & Mutations

You are immune to sickness and miasma.
Your stone body is resilient. (AC +3)
You are immune to poison.
You resist negative energy. (rN+)
You are resistant to electric shocks. (rElec)
You are resistant to unholy torment.
You are immune to petrification.


Message History

The foxfire hits the quokka but does no damage.
The quokka is lightly wounded.
Okay, then.
The foxfire hits the quokka.
The quokka is almost dead.
Casting: Foxfire (safe; 6% risk of failure)
Press: ? - help, Q - select action, (/) - cycle Dir - look around, f - activate You conjure some foxfire!
The quokka bites you but does no damage.
Okay, then.
The foxfire hits the quokka.
You kill the quokka!
Your foxfire dissipates!
Magic restored.
q - a scroll labelled SUSIRU IXUDEJ Edmund the Younger comes into view.
He is wielding a +4 dire flail of holy wrath.
Press: ? - help, v - describe, . - travel The floor.
Dowan, Brother of Duvessa comes into view.
He is wielding a +0 dagger.
Edmund shouts!
Duvessa, Sister of Dowan comes into view.
She is wielding a +2 rapier of venom.
Dowan shouts!
Duvessa shouts!
Dowan barely misses you. Edmund misses you. Dowan attacks as he pursues you!
Dowan hits you but does no damage.
Found a hazy altar of Hepliaklqana.
Dowan gestures at you while chanting. The puff of flame hits you.
Edmund says, "People will remember me!
They'll remember me and die!"
Edmund says, "People think my brother is the best.
I think he's crazy."
An adder comes into view.
Edmund attacks as he pursues you!
Edmund hits you with a +4 dire flail of holy wrath!
Ouch! That really hurt!
* * * LOW HITPOINT WARNING * * *
The adder moves out of view.
Edmund attacks as he pursues you!
Edmund hits you with a +4 dire flail of holy wrath!
Ouch! That really hurt!
You die...
Edmund says, "I'd like to see a scythe do that!"

#............#
#............# ....
##...........# ....
#........e..####.....
#..........eP..#...S.
#.....P....#P........
##........P..##......
##.§P..PP..@#......#
#.§..#§_P.#@#
..§P.P..§.P..#
.##.#...#.#.##
#§.#.#..P.#
#..##.....# ##
#.#....# ######.# #..


You could see Edmund, Duvessa, Dowan and an adder (wandering).

Vanquished Creatures
  4 endoplasms
  2 giant cockroaches
  2 goblins
  2 hobgoblins (D:1)
  4 jackals (D:1)
  3 quokkas
  3 ball pythons
  A bat (D:2)
  3 kobolds
  A rat (D:1)
25 creatures vanquished.

Vanquished Creatures (others)
  53 foxfires
53 creatures vanquished.

Grand Total: 78 creatures vanquished

Notes
Turn   | Place    | Note
-------+----------+-------------------------------------------
     0 | D:1      | wvc the Gargoyle Fire Elementalist began the quest for the
                  | Orb.
     0 | D:1      | Reached XP level 1. HP: 10/10 MP: 3/3
   198 | D:1      | Reached XP level 2. HP: 15/15 MP: 3/5
   640 | D:2      | Reached XP level 3. HP: 19/19 MP: 3/6
   931 | D:2      | You fall into a shaft and drop 2 floors!
   986 | D:4      | Noticed Edmund
   987 | D:4      | Noticed Dowan
   988 | D:4      | Noticed Duvessa
   993 | D:4      | Found a hazy altar of Hepliaklqana.
  1000 | D:4      | Mangled by Edmund

Illustrated notes

Levels and vault maps discovered:
D:1:      onia_arrival_pyramid, layout_rooms
D:2:      layout_basic
D:4:      layout_cave_pods, nicolae_hepliaklqana_hazy_memory,
          minmay_temple_entry_slanted, serial_shops, nicolae_shop_stone,
          uniq_sigmund, uniq_edmund, uniq_duvessa

Action                     || total
---------------------------++-------
  Melee: Unarmed           ||     4
   Cast: Foxfire           ||    31
 Armour: Robe              ||     9
  Dodge: Dodged            ||    11

Table legend: (Time is in decaauts)
 A = Elapsed time spent in this place.
 B = Non-inter-level travel time spent in this place.
 C = Inter-level travel time spent in this place.
 D = Time resting spent in this place.
 E = Time spent auto-exploring this place.
 F = Levels seen in this place.
 G = Mean time per level.
                   A        B        C        D        E       F      G
               +--------+--------+--------+--------+--------+-----+--------+
         Total |    999 |    970 |     29 |      0 |    751 |   3 |  333.0 |
       Dungeon |    999 |    970 |     29 |      0 |    751 |   3 |  333.0 |
               +--------+--------+--------+--------+--------+-----+--------+

Top non-repeatable levels by time:
     D:1: 579 daAuts
     D:2: 351 daAuts
     D:4: 68 daAuts
